AoeStats
← AiM | CanvaL

Arena

510072849Analyzed
4v4 RM · 2d ago on Sep 29, 2026· 41m 9s· 8 players
Game mode
Random Map
Map size
Large (8 player)
Population
200
Speed
Normal
Resources
Standard
Victory
Conquest
Starting age
Dark Age
Ending age
Imperial Age
RankedLock teamsTeams togetherTeam positionsShared explorationLock speedFull tech treeHidden civsTurbo modeCheats
Victory
Defeat
🇨🇱 Portuguese · Chile
1244
+13
🇫🇷 Bohemians · France
1235
+13
🇪🇸 Mongols · Spain
1222
+14
🇨🇳 Huns · China
1154
+16
🇷🇺 Aztecs · Russia
1200
-15
🇪🇸 Poles · Spain
1178
-14
🇸🇪 Khmer · Sweden
1157
-14
🇸🇪 Britons · Sweden
1148
-13
KePaSaMiaRMa!!
11:00 Feudal Age
13:26 Double-Bit Axe
16:45 Castle Age
17:11 Horse Collar
20:24 Bow Saw
25:51 Fortified Wall
27:24 Scale Barding Armor
27:30 Forging
28:19 Heavy Plow
29:52 Wheelbarrow
32:22 Imperial Age
30:29 Wheelbarrow
29:41 Loom
30:37 Chain Barding Armor
30:52 Iron Casting
30:34 Light Cavalry
31:25 Bloodlines
31:53 Husbandry
32:42 Winged Hussar
34:04 Lechitic Legacy
34:17 Conscription
38:25 Crop Rotation
dee snuts
10:27 Feudal Age
11:43 Double-Bit Axe
11:40 Horse Collar
16:33 Castle Age
16:07 Wheelbarrow
17:27 Bow Saw
17:19 Heavy Plow
18:44 Hand Cart
23:38 Gold Mining
25:31 Gold Shaft Mining
25:32 Stone Mining
29:42 Imperial Age
27:43 Ballistics
28:01 Stone Shaft Mining
28:30 Scale Barding Armor
28:36 Forging
28:53 Husbandry
29:04 Bloodlines
28:16 Light Cavalry
29:39 Chain Barding Armor
29:33 Fortified Wall
31:29 Chemistry
31:16 Iron Casting
31:36 Conscription
31:41 Masonry
33:10 Plate Barding Armor
33:03 Siege Engineers
34:04 Double Crossbow
35:03 Elite Ballista Elephant
36:13 Hussar
ikaros
10:15 Feudal Age
13:55 Castle Age
16:45 Double-Bit Axe
20:38 Horse Collar
21:16 Crossbowman
21:47 Fletching
21:57 Loom
28:19 Bodkin Arrow
31:13 Imperial Age
29:06 Bow Saw
29:27 Padded Archer Armor
30:51 Heavy Plow
31:00 Scale Mail Armor
30:22 Pikeman
31:15 Arbalester
32:27 Halberdier
33:34 Ballistics
34:46 Bracer
Vini
10:26 Feudal Age
14:23 Castle Age
13:13 Double-Bit Axe
13:57 Horse Collar
14:50 Loom
17:57 Fervor
18:40 Sanctity
20:13 Wheelbarrow
20:03 Town Watch
21:59 Redemption
22:36 Hand Cart
25:47 Fletching
26:25 Atonement
26:50 Gold Mining
27:18 Squires
27:41 Bow Saw
27:45 Bodkin Arrow
28:16 Ballistics
31:57 Imperial Age
29:25 Arson
30:41 Scale Mail Armor
30:26 Elite Skirmisher
31:56 Chain Mail Armor
31:53 Forging
32:11 Atlatl
32:58 Bracer
33:00 Padded Archer Armor
34:23 Block Printing
35:14 Leather Archer Armor
35:59 Theocracy
36:51 Illumination
37:46 Gold Shaft Mining
40:53 Devotion
40:48 Herbal Medicine
41:16 Heavy Plow
AiM | CanvaL
10:53 Feudal Age
12:09 Town Watch
14:45 Castle Age
13:06 Loom
13:10 Double-Bit Axe
13:12 Horse Collar
14:19 Stone Mining
17:12 Gold Mining
21:11 Fletching
29:20 Imperial Age
27:05 Crossbowman
28:31 Padded Archer Armor
28:54 Bodkin Arrow
29:19 Heavy Plow
30:09 Leather Archer Armor
30:09 Arbalester
32:47 Wheelbarrow
32:49 Ballistics
33:10 Bracer
35:58 Chemistry
35:38 Thumb Ring
35:49 Scale Barding Armor
35:54 Forging
37:01 Conscription
37:45 Masonry
40:22 Onager
Kayou
11:49 Feudal Age
12:42 Double-Bit Axe
12:41 Horse Collar
17:06 Castle Age
18:09 Bow Saw
18:13 Heavy Plow
19:29 Fervor
20:21 Wheelbarrow
22:25 Hand Cart
23:29 Scale Mail Armor
23:40 Forging
29:12 Imperial Age
27:26 Chain Mail Armor
29:06 Iron Casting
29:51 Chemistry
29:33 Ballistics
29:24 Masonry
30:24 Plate Mail Armor
31:28 Two-Man Saw
30:40 Squires
30:26 Arson
31:47 Conscription
31:23 Pikeman
32:25 Loom
32:07 Houfnice
34:17 Blast Furnace
33:24 Wagenburg Tactics
34:05 Siege Engineers
34:30 Padded Archer Armor
35:08 Masonry
34:30 Halberdier
Señor JP
4:44 Loom
10:29 Feudal Age
11:14 Horse Collar
15:00 Bloodlines
16:51 Scale Barding Armor
16:57 Forging
17:05 Forging
21:23 Castle Age
19:41 Stone Mining
19:41 Gold Mining
23:38 Heavy Plow
23:28 Double-Bit Axe
26:07 Wheelbarrow
28:07 Hand Cart
31:56 Imperial Age
29:24 Town Watch
30:04 Bow Saw
32:43 Ballistics
33:17 Drill
34:00 Chemistry
33:10 Siege Engineers
32:29 Capped Ram
34:33 Heavy Scorpion
35:59 Siege Ram
37:38 Light Cavalry
38:19 Husbandry
39:14 Iron Casting
39:00 Chain Barding Armor
38:30 Fletching
38:40 Murder Holes
38:55 Masonry
39:18 Town Patrol
38:46 Hussar
Zarathustra
10:15 Feudal Age
11:20 Loom
15:37 Castle Age
13:48 Double-Bit Axe
14:11 Horse Collar
15:21 Gold Mining
17:14 Bow Saw
24:13 Wheelbarrow
24:41 Stone Mining
27:23 Hand Cart
28:25 Bloodlines
28:16 Husbandry
28:27 Scale Barding Armor
28:33 Forging
30:58 Imperial Age
30:05 Marauders
30:32 Chain Barding Armor
30:48 Iron Casting
31:14 Heavy Plow
31:33 Masonry
31:01 Elite Tarkan
32:02 Conscription
33:22 Plate Barding Armor
33:48 Blast Furnace
33:16 Town Watch
38:19 Gold Shaft Mining
37:50 Fletching
38:00 Padded Archer Armor
39:15 Bodkin Arrow
39:36 Leather Archer Armor
40:03 Ballistics
40:43 Chemistry
Connection lost

Rejoining the realm…

Still unreachable

The connection could not be restored.

Session expired

The server has moved on; the page needs a fresh start.